 Dungeon Crawl Stone Soup version 0.28.0-43-g3370ac3207 (webtiles) character file.

Game seed: 10973921468436769957

366561 pkoi the Unseen (level 21, 0/112 HPs)
             Began as a Spriggan Air Elementalist on Mar 23, 2022.
             Was an Initiate of Gozag.
             Slain by a fire giant
             ... wielding a +1 great sword of flaming
              (16 damage)
             ... on level 2 of the Depths.
             The game lasted 02:54:56 (96008 turns).

pkoi the Unseen (Spriggan Air Elementalist)        Turns: 96008, Time: 02:54:57

Health: 0/112      AC: 23    Str:  9    XL:     21   Next: 60%
Magic:  19/41      EV: 40    Int: 32    God:    Gozag
Gold:   6489       SH:  5    Dex: 15    Spells: 13/50 levels left

rFire   + . .      SeeInvis +     - Unarmed
rCold   + . .      Faith    .   (shield currently unavailable)
rNeg    + + .      Spirit   .   (armour currently unavailable)
rPois   ∞          Reflect  +   (helmet currently unavailable)
rElec   +          Harm     .   (cloak currently unavailable)
rCorr   .          Rampage  .   (gloves unavailable)
Will    +++..                   (boots unavailable)
Stlth   ++++++++..              k - amulet of reflection
HPRegen 0.28/turn               r - ring "Qineanta" {+Blink rElec rF++ rC+ SInv}
MPRegen 0.27/turn               x - ring of Viczatil {rF- rN++ Str+3 Int+6 Stlth+}

@: storm-form, gold aura, flying
A: cleaving, flying, very small, no large weapons, unfitting armour, see
invisible, (speed 3)
}: 2/15 runes: decaying, gossamer
a: Blinkbolt, End Transformation, Renounce Religion, Evoke Blink, Potion
Petition, Call Merchant, Bribe Branch


You were on level 2 of the Depths.
You worshipped Gozag.
Gozag was greatly pleased with you.
You were a lightning-filled tempest!
You visited 9 branches of the dungeon, and saw 41 of its levels.
You also visited: Sewer.

You collected 17467 gold pieces.
You spent 6549 gold pieces at shops.
You paid 4429 gold pieces to Gozag.

Inventory:

Hand Weapons
 a - the +7 long sword of Ziav (melded) {vorpal, rElec rCorr MP+9 Int+6}
   (You found it on level 15 of the Dungeon)

   It inflicts extra damage upon your enemies.
   Int:       It affects your intelligence (+6).
   rElec:     It insulates you from electricity.
   MP:        It affects your magic capacity (+9).
   rCorr:     It protects you from acid and corrosion.
 b - a +9 quick blade of flaming
Missiles
 h - 5 throwing nets
 B - 12 curare-tipped darts
Armour
 e - the +2 hood of the Assassin (melded) {Detection Stab+ Stlth++}
   (You found it on level 3 of the Elven Halls)

   It allows the wearer to sense nearby creatures.
   It allows the wearer to make particularly effective stabbing attacks against
   helpless or unaware enemies with any weapon.
   Stlth:     It makes you much more stealthy.
 E - a +1 cloak of willpower (melded)
 I - the +4 robe of Folly (melded) {Brilliance Will-∞ Int+8}
   (You took it off a deep elf zephyrmancer on level 3 of the Elven Halls)

   It increases the power of your magical spells.
   It halves the magic cost of your spells (rounding up).
   It reduces your willpower to zero.
   Int:       It affects your intelligence (+8).
 W - a +0 robe
Magical Staves
 i - a staff of poison
Jewellery
 k - an amulet of reflection (around neck)
 m - the ring of Afferr {Fly Str+2}
   (You found it on level 2 of the Dungeon)

   [ring of flight]

   Str:       It affects your strength (+2).
   Fly:       It grants you flight.
 r - the ring "Qineanta" (left fist) {+Blink rElec rF++ rC+ SInv}
   (You bought it in a shop on level 2 of the Elven Halls)

   [ring of protection from cold]

   rF:        It greatly protects you from fire.
   rC:        It protects you from cold.
   rElec:     It insulates you from electricity.
   SInv:      It lets you see invisible.
   +Blink:    It lets you blink.
 x - the ring of Viczatil (right fist) {rF- rN++ Str+3 Int+6 Stlth+}
   (You bought it in a shop on level 2 of the Elven Halls)

   [ring of intelligence]

   Str:       It affects your strength (+3).
   Int:       It affects your intelligence (+6).
   rF:        It makes you vulnerable to fire.
   rN:        It greatly protects you from negative energy.
   Stlth:     It makes you more stealthy.
 D - a ring of protection from fire
 J - a ring of resist corrosion
 Q - a ring of protection from cold
 Y - a ring of protection from fire
Wands
 o - a wand of acid (15)
 w - a wand of paralysis (19)
 C - a wand of polymorph (10)
 G - a wand of digging (9)
 K - a wand of iceblast (17)
 P - a wand of flame (48)
 R - a wand of charming (5)
Scrolls
 l - 7 scrolls of magic mapping
 n - 4 scrolls of amnesia
 u - 20 scrolls of teleportation
 z - 7 scrolls of fear
 H - 4 scrolls of enchant weapon
 L - 3 scrolls of blinking
 N - 2 scrolls of summoning
 O - 2 scrolls of silence
 S - 4 scrolls of fog
 V - 2 scrolls of brand weapon
 X - 2 scrolls of enchant armour
Potions
 c - 9 potions of resistance
 d - 6 potions of berserk rage
 f - 6 potions of ambrosia
 g - 13 potions of curing
 j - 4 potions of flight
 p - 5 potions of brilliance
 q - 6 potions of might
 s - 11 potions of haste
 t - 19 potions of heal wounds
 v - a potion of invisibility
 F - 2 potions of magic
 M - 4 potions of cancellation


   Skills:
 + Level 12.9 Fighting
 - Level 8.0 Short Blades
 + Level 15.9 Dodging
 - Level 18.0 Stealth
 * Level 16.4 Unarmed Combat
 - Level 15.3 Spellcasting
 - Level 3.0 Conjurations
 - Level 10.1 Translocations
 - Level 17.1 Transmutations
 - Level 6.0 Fire Magic
 - Level 15.2 Air Magic
 - Level 7.4 Poison Magic


You had 13 spell levels left.
You knew the following spells:

 Your Spells              Type           Power      Damage    Failure   Level
a - Shock                 Conj/Air       100%       1d9       1%          1
b - Static Discharge      Conj/Air       70%        N/A       1%          2
c - Airstrike             Air            44%        N/A       1%          4
d - Ignite Poison         Fire/Tmut/Pois 74%        N/A       1%          3
e - Apportation           Tloc           100%       N/A       1%          1
f - Blink                 Tloc           100%       N/A       1%          2
g - Olgreb's Toxic Radia  Pois           64%        N/A       1%          4
h - Poisonous Vapours     Pois/Air       100%       N/A       1%          2
i - Manifold Assault      Tloc           73%        N/A       1%          5
j - Storm Form            Tmut/Air       45%        N/A       1%          7
k - Passwall              Tmut/Erth      56%        N/A       1%          2
l - Passage of Golubria   Tloc           73%        N/A       1%          4

Your spell library contained the following spells:

 Spells                   Type           Power      Damage    Failure   Level
 Sting                    Tmut/Pois      100%       1d8       0%          1
 Swiftness                Air            89%        N/A       0%          3
 Animate Skeleton         Necr           48%        N/A       1%          1
 Magic Dart               Conj           100%       1d8       1%          1
 Summon Small Mammal      Summ           96%        N/A       1%          1
 Corpse Rot               Necr/Air       100%       N/A       1%          2
 Scorch                   Fire           100%       2d10      1%          2
 Conjure Flame            Conj/Fire      52%        6-21      1%          3
 Lesser Beckoning         Tloc           73%        N/A       1%          3
 Mephitic Cloud           Conj/Pois/Air  68%        N/A       1%          3
 Portal Projectile        Hex/Tloc       100%       N/A       1%          3
 Ice Form                 Ice/Tmut       68%        N/A       1%          4
 Iskenderun's Mystic Bla  Conj/Tloc      60%        2d13      1%          4
 Petrify                  Tmut/Erth      68%        N/A       1%          4
 Blade Hands              Tmut           47%        N/A       1%          5
 Ensorcelled Hibernation  Hex/Ice        48%        N/A       2%          2
 Flame Wave               Conj/Fire      52%        2d11      2%          4
 Sticky Flame             Conj/Fire      52%        2d7       2%          4
 Silence                  Hex/Air        32%        N/A       2%          5
 Dazzling Flash           Conj/Hex       68%        N/A       3%          3
 Freezing Cloud           Conj/Ice/Air   29%        6-21      4%          5
 Call Canine Familiar     Summ           24%        N/A       5%          3
 Frozen Ramparts          Ice            48%        1d6       5%          3
 Ozocubu's Armour         Ice            24%        N/A       5%          3
 Summon Guardian Golem    Hex/Summ       24%        N/A       5%          3
 Conjure Ball Lightning   Conj/Air       35%        3x3d11    6%          6
 Statue Form              Tmut/Erth      45%        N/A       9%          6
 Animate Armour           Summ/Erth      48%        N/A       19%         4
 Animate Dead             Necr           12%        N/A       19%         4
 Leda's Liquefaction      Hex/Erth       12%        N/A       19%         4
 Summon Ice Beast         Ice/Summ       24%        N/A       19%         4
 Starburst                Conj/Fire      26%        6d8       41%         6
 Borgnjor's Vile Clutch   Necr/Erth      12%        N/A       45%         5
 Metabolic Englaciation   Hex/Ice        12%        N/A       45%         5
 Iron Shot                Conj/Erth      17%        9d4       83%         6
 Death Channel            Necr           12%        N/A       95%         6
 Summon Cactus Giant      Summ           12%        N/A       95%         6
 Orb of Destruction       Conj           21%        9d8       99%         7
 Ozocubu's Refrigeration  Ice            12%        4d7       100%        7
 Spellforged Servitor     Conj/Summ      17%        N/A       100%        7
 Ignition                 Fire           29%        3d9       100%        8
 Lehudib's Crystal Spear  Conj/Erth      17%        10d5      100%        8
 Chain Lightning          Conj/Air       35%        3d46      100%        9


Dungeon Overview and Level Annotations

Branches:
Dungeon (15/15)            Temple (1/1) D:4            Lair (6/6) D:10
  Swamp (4/4) Lair:2       Spider (4/4) Lair:3        Slime (0/5) Lair:6
    Orc (2/2) D:9             Elf (3/3) Orc:2        Vaults (4/5) D:14
  Crypt (0/3) Vaults:3     Depths (1/4) D:15          Sewer (visited)

Altars:
Ashenzari
Cheibriados
Dithmenos
Elyvilon
Fedhas
Gozag
Hepliaklqana
Kikubaaqudgha
Makhleb
Nemelex Xobeh
Okawaru
Qazlal
Ru
Sif Muna
Trog
Uskayaw
Vehumet
Wu Jian
Xom
Yredelemnul
Zin
The Shining One
Jiyva

Shops:
D:2 ?   D:3 :   D:7 (   D:9 !   D:14 *   Orc:1 ([   Orc:2 *!(*   Elf:2 ==:
Lair:6 :   Spider:2 ?*   Vaults:4 *   Depths:1 *

Portals:
Hell: Depths:1
Pandemonium: Depths:1
Trove: D:10 (give +3 shadow dragon scales)

Annotations:
D:13 exclusion: upstairs
D:14 exclusion: upstairs
Lair:2 2 transporters
Swamp:4 Lernaean hydra
Elf:2 3 runed translucent doors
Vaults:3 3 runed translucent doors, Marixus's ghost, adept HOFi; SlowGraham's ghost, legendary KoMo; abarbat's ghost, adept MiBe


Innate Abilities, Weirdness & Mutations

You are a lightning-filled tempest!
Your electrical attacks strike out in all directions at once.
You are incredibly evasive.
You are flying.
You are immune to poison.
Your armour is entirely melded.
You are incapable of wielding weapons or throwing items.
You are very small and have problems with some larger weapons.
You are too small for most types of armour.
You have supernaturally acute eyesight. (SInv)
((You cover ground extremely quickly. (Speed+++)))


Message History

* * * LOW HITPOINT WARNING * * *
The +4 war axe of flaming burns you.
* * * LOW HITPOINT WARNING * * *
You barely miss the +4 war axe of flaming.
The +4 war axe of flaming is distracted by your dazzling golden aura.
Unknown command.
You buffet the +4 war axe of flaming!
The +4 war axe of flaming is no longer distracted by gold.
The +4 war axe of flaming is moderately damaged.
The earth elemental is distracted by your dazzling golden aura.
The +4 war axe of flaming hits you!
* * * LOW HITPOINT WARNING * * *
The +4 war axe of flaming burns you.
* * * LOW HITPOINT WARNING * * *
You blast the +4 war axe of flaming!!!
The +4 war axe of flaming turns to gold and falls from the air.
Unknown command.
A fire elemental comes into view.
The fire elemental is distracted by your dazzling golden aura.
Things that are here:
43 gold pieces; a +0 great mace You blast the earth elemental!!!
You destroy the earth elemental!
The fire elemental is no longer distracted by gold.
The fire elemental is distracted by your dazzling golden aura.
Items here: $ )) [.
A fire giant comes into view.
It is wielding a +1 great sword of flaming.
Things that are here:
43 gold pieces; a +0 great mace You see here 45 gold pieces.
You now have 6489 gold pieces (gained 17).
You start resting.
A fire giant is nearby!
The fire giant gestures at you while chanting.
The fireball explodes!
The fireball engulfs you!! You resist.
* * * LOW HITPOINT WARNING * * *
You hear a shout! x2
The fire giant hits you with a +1 great sword of flaming!
You die...
Your body crumbles into a pile of gold.

$ { $$ ## $
+...###########
#...'$$.....v$#
#########8.##C#
$ {####.$### {{
#.$$..#
#.$.$....#
#$$....#.#
○E......# #
.○.C......>
...'..$...##


You could see a fire giant.

Vanquished Creatures
  Saint Roka (Orc:2)
  Nikola (Swamp:4)
  Arachne (Spider:3)
  A lich (Vaults:3)
  A tentacled monstrosity (Swamp:4)
  Asterion (Vaults:3)
  3 deep elf master archers (Elf:3)
  A deep elf blademaster (Elf:3)
  3 sphinxes
  A tengu reaver (Depths:2)
  3 thorn hunters
  3 frost giants
  7 emperor scorpions
  12 vault wardens
  An orc warlord (Vaults:3)
  9 deep elf sorcerers
  5 ghost moths
  2 deep elf elementalists (Elf:3)
  A juggernaut zombie (Depths:1)
  12 ironbound preservers
  Aizul (Vaults:2)
  3 broodmothers
  5 stone giants
  2 spriggan defenders (Depths:1)
  A stone giant (shapeshifter) (Depths:2)
  4 war gargoyles
  8 ironbound thunderhulks
  8 very ugly things
  A lorocyproca (Depths:1)
  Nessos (Lair:4)
  4 eleionomae
  11 dire elephants
  5 deep elf demonologists (Elf:3)
  4 entropy weavers
  6 deep elf annihilators
  3 spark wasps
  A blizzard demon (Depths:2)
  7 bunyips
  2 ettins
  5 deep elf death magi (Elf:3)
  Josephine (Orc:1)
  A great orb of eyes (Vaults:2)
  3 crystal guardians
  10 yaktaur captains
  A rakshasa (Depths:2)
  3 deep elf high priests (Elf:3)
  A shambling mangrove (Swamp:3)
  7 boulder beetles
  Harold (Orc:1)
  22 hydras
  4 ogre magi
  An ice dragon (Depths:1)
  15 vault guards
  4 ghost crabs
  A catoblepas (Lair:6)
  4 peacekeepers
  7 ironbound frosthearts
  21 two-headed ogres
  An anaconda (Swamp:3)
  A deep troll shaman (Lair:6)
  A radroach (Spider:2)
  11 centaur warriors
  12 alligators
  6 death yaks (Lair:6)
  A spriggan berserker (Depths:1)
  Urug (D:12)
  2 tengu warriors (D:14)
  4 orc high priests (Orc:2)
  4 spriggans
  Nergalle (Lair:1)
  15 deep elf knights
  5 pharaoh ants
  A sixfirhy (Depths:1)
  A sun moth (Spider:1)
  47 deep trolls
  6 goliath frogs
  4 spriggan druids
  12 orb spiders
  11 swamp dragons
  10 steelbarb worms
  A flayed ghost (Vaults:2)
  3 glowing orange brains
  8 harpies
  8 deep elf archers
  11 bog bodies
  12 ironbound convokers
  A phantasmal warrior (Vaults:4)
  7 wizards
  16 lindwurms
  5 orc knights
  A tengu zombie (Vaults:2)
  2 necromancers
  2 fire giant zombies (Depths:1)
  32 deep elf pyromancers
  25 deep elf zephyrmancers
  39 ugly things
  An orc sorcerer (Orc:2)
  14 wolf spiders
  An oklob plant (Lair:4)
  A moth of wrath (Spider:2)
  3 manticores
  A tengu skeleton (Depths:1)
  A human skeleton (Vaults:2)
  5 cyclopes
  8 torpor snails
  A molten gargoyle (Depths:2)
  2 black mambas (Swamp:3)
  Joseph (D:7)
  22 vault sentinels
  9 elephants
  Maggie (D:9)
  8 komodo dragons
  An unseen horror (D:12)
  8 cane toads
  A freezing wraith (D:14)
  7 kobold demonologists
  37 yaktaurs
  19 demonic crawlers
  2 guardian mummies (D:10)
  A hellwing (Depths:1)
  A tengu conjurer (D:14)
  An ice devil (Depths:1)
  14 meliai
  3 bloated husks
  3 polar bears
  5 trolls
  28 slime creatures
  3 tyrant leeches
  5 hornets
  18 tarantellas
  6 dream sheep (Lair:5)
  23 blink frogs
  Sigmund (D:5)
  3 air elementals
  23 jumping spiders
  15 culicivoras
  3 vampires
  7 water elementals
  6 wraiths
  A wyvern (Lair:4)
  41 yaks
  A human (shapeshifter) (D:13)
  6 fire elementals
  A chaos spawn (Depths:1)
  A steam dragon (D:7)
  4 basilisks
  A human simulacrum (Vaults:2)
  35 redbacks
  9 wargs
  6 vampire mosquitoes
  9 swamp worms
  3 acid dragons
  7 water moccasins
  2 hell hounds (Lair:1)
  10 swamp drakes
  4 black bears
  26 orc warriors
  2 sky beasts
  2 ice beasts (D:7)
  10 ogres
  A necrophage (D:2)
  14 wolves
  6 centaurs
  11 kobold brigands
  16 bullfrogs
  A wyvern zombie (D:6)
  2 earth elementals (Depths:2)
  3 scorpions
  12 killer bees
  6 wights
  4 howler monkeys
  3 electric eels
  A bullfrog zombie (D:5)
  5 centaur zombies
  7 jellies
  A hound (shapeshifter) (Depths:2)
  21 orc priests
  3 bullfrog skeletons
  5 hounds
  3 centaur skeletons (D:7)
  2 iguanas (D:5)
  24 orc wizards
  11 hell rats (Lair:6)
  2 killer bee zombies (D:8)
  Robin (D:2)
  2 howler monkey skeletons
  2 howler monkey zombies
  3 adders
  A river rat (Sewer)
  2 shadow imps
  3 white imps
  An ufetubus (D:6)
  An adder skeleton (D:4)
  5 worms
  2 dart slugs
  55 orcs
  18 endoplasms
  10 giant cockroaches
  5 hobgoblins
  2 jackals (D:1)
  22 kobolds
  5 quokkas
  9 ball pythons
  3 bats (D:2)
  8 frilled lizards
  13 goblins
  14 rats
1443 creatures vanquished.

Vanquished Creatures (others)
  A great orb of eyes (Depths:2)
  A hydra (Swamp:3)
  19 dancing weapons
  An air elemental (Depths:2)
  A swamp worm (Swamp:4)
  A kobold brigand (D:7)
  A kobold (D:3)
  A ball lightning (Depths:2)
  A bush (Swamp:4)
  84 fungi
  96 plants
  10 withered plants (D:10)
217 creatures vanquished.

Grand Total: 1660 creatures vanquished

Notes
Turn   | Place    | Note
-------+----------+-------------------------------------------
     0 | D:1      | pkoi the Spriggan Air Elementalist began the quest for the
                  | Orb.
     0 | D:1      | Reached XP level 1. HP: 9/9 MP: 5/5
   550 | D:1      | Reached XP level 2. HP: 9/13 MP: 0/6
   906 | D:1      | Learned a level 2 spell: Static Discharge
  1656 | D:2      | Reached XP level 3. HP: 17/17 MP: 5/8
  1749 | D:2      | Found Xeberch's Magic Scroll Emporium.
  1831 | D:2      | Noticed a necrophage
  1925 | D:2      | Identified a scroll of acquirement
  1925 | D:2      | Acquired a ring of magical power
  2055 | D:2      | Noticed Robin
  2061 | D:2      | Killed Robin
  2065 | D:2      | Reached skill level 1 in Conjurations
  2322 | D:2      | Reached skill level 1 in Fighting
  2326 | D:2      | Reached XP level 4. HP: 22/22 MP: 0/9
  2636 | D:2      | Identified the ring of Afferr {Fly Str+2}
  2723 | D:2      | Killed a necrophage
  2724 | D:2      | Reached skill level 4 in Stealth
  2724 | D:2      | Reached XP level 5. HP: 25/25 MP: 7/11
  2803 | D:2      | Learned a level 4 spell: Airstrike
  2841 | D:2      | Found a faded altar of an unknown god.
  3533 | D:3      | Found a glowing drain.
  3639 | Sewer    | Entered a sewer
  3965 | Sewer    | Reached XP level 6. HP: 30/30 MP: 12/12
  4002 | Sewer    | Found a viscous altar of Jiyva.
  4309 | D:3      | Reached skill level 5 in Stealth
  4412 | D:3      | Found Vutumaje's Book Shop.
  5578 | D:4      | Found a staircase to the Ecumenical Temple.
  5780 | Temple   | Entered the Ecumenical Temple
  6472 | D:5      | Entered Level 5 of the Dungeon
  6485 | D:5      | Reached XP level 7. HP: 35/35 MP: 14/14
  6543 | D:5      | Learned a level 3 spell: Ignite Poison
  6717 | D:5      | Reached skill level 1 in Transmutations
  6824 | D:5      | Reached skill level 5 in Air Magic
  7010 | D:5      | Noticed Sigmund
  7015 | D:5      | Killed Sigmund
  7016 | D:5      | Reached XP level 8. HP: 39/39 MP: 16/16
  7019 | D:5      | Found a shimmering altar of Xom.
  7632 | D:2      | Bought 3 scrolls of identify for 72 gold pieces
  7632 | D:2      | Bought a scroll of identify for 24 gold pieces
  7787 | D:6      | Found a glowing golden altar of the Shining One.
  7925 | D:6      | Found a radiant altar of Vehumet.
  8327 | D:6      | Learned a level 1 spell: Apportation
  9292 | D:7      | Found Nirohu's Antique Weapon Boutique.
  9306 | D:7      | Identified the +1 dagger "Xuemp" {protect, *Corrode Str+3
                  | Int+5}
  9460 | D:7      | Noticed a kobold demonologist
  9463 | D:7      | Killed a kobold demonologist
  9464 | D:7      | Reached skill level 6 in Stealth
  9464 | D:7      | Reached skill level 1 in Fire Magic
  9464 | D:7      | Reached skill level 1 in Poison Magic
  9464 | D:7      | Reached XP level 9. HP: 43/43 MP: 3/17
  9537 | D:7      | Noticed a kobold demonologist
  9562 | D:7      | Noticed Joseph
  9657 | D:7      | Reached skill level 5 in Dodging
  9657 | D:7      | Reached skill level 1 in Translocations
  9796 | D:7      | Killed a kobold demonologist
  9797 | D:7      | Reached skill level 5 in Spellcasting
  9822 | D:7      | Killed Joseph
  9983 | D:7      | Noticed a two-headed ogre
  9987 | D:7      | Killed a two-headed ogre
  9988 | D:7      | Reached skill level 7 in Stealth
 10603 | D:7      | Reached XP level 10. HP: 49/49 MP: 8/19
 12682 | D:9      | Found Ucovag's Distillery.
 12689 | D:9      | Noticed Maggie
 12696 | D:9      | Killed Maggie
 13005 | D:9      | Bought a potion of heal wounds for 60 gold pieces
 13005 | D:9      | Bought a potion of haste for 120 gold pieces
 13005 | D:9      | Bought a potion of degeneration for 12 gold pieces
 13005 | D:9      | Bought a potion of cancellation for 96 gold pieces
 13005 | D:9      | Bought a potion of lignification for 36 gold pieces
 13142 | D:9      | Found an opulent altar of Gozag.
 13161 | D:9      | Found a hazy altar of Hepliaklqana.
 13915 | D:9      | Noticed a two-headed ogre
 14067 | D:9      | Found a staircase to the Orcish Mines.
 14213 | D:9      | Killed a two-headed ogre
 14214 | D:9      | Reached skill level 8 in Stealth
 14534 | D:10     | Entered Level 10 of the Dungeon
 15072 | D:10     | Noticed a two-headed ogre
 15084 | D:10     | Killed a two-headed ogre
 15085 | D:10     | Reached skill level 5 in Translocations
 15085 | D:10     | Reached skill level 5 in Transmutations
 15179 | D:10     | Found a staircase to the Lair.
 15597 | D:10     | Noticed a two-headed ogre
 15601 | D:10     | Killed a two-headed ogre
 15602 | D:10     | Reached XP level 11. HP: 53/53 MP: 7/22
 16027 | D:10     | Found an ancient bone altar of Kikubaaqudgha.
 16588 | D:10     | Found a portal to a secret trove of treasure.
 16733 | D:9      | Became a worshipper of Gozag Ym Sagoz the Greedy
 16947 | Lair:1   | Entered Level 1 of the Lair of Beasts
 17005 | Lair:1   | Reached skill level 9 in Stealth
 17128 | Lair:1   | Noticed Nergalle
 17137 | Lair:1   | Killed Nergalle
 17758 | Lair:1   | Reached skill level 10 in Air Magic
 19181 | Lair:2   | Found a staircase to the Swamp.
 19185 | Lair:2   | Reached skill level 5 in Poison Magic
 19415 | Lair:2   | Found a transporter.
 19436 | Lair:2   | Reached skill level 10 in Stealth
 19784 | Lair:1   | Reached skill level 5 in Fighting
 20055 | Lair:2   | Reached XP level 12. HP: 60/60 MP: 18/25
 20708 | Lair:2   | Found a transporter.
 22255 | Lair:3   | Acquired a book of Spatial Translocations
 22260 | Lair:3   | Learned a level 2 spell: Blink
 22479 | Lair:3   | Found a hole to the Spider Nest.
 23400 | Lair:3   | Reached skill level 5 in Fire Magic
 23690 | Lair:4   | Reached skill level 11 in Stealth
 23690 | Lair:4   | Noticed a five-headed hydra
 23695 | Lair:4   | Killed a five-headed hydra
 25011 | Lair:4   | Noticed Nessos
 25040 | Lair:4   | Killed Nessos
 25411 | Lair:5   | Reached skill level 10 in Dodging
 25450 | Lair:5   | Noticed a seven-headed hydra
 26207 | Lair:5   | Killed a seven-headed hydra
 26208 | Lair:5   | Reached XP level 13. HP: 65/65 MP: 16/27
 26567 | Lair:6   | Entered Level 6 of the Lair of Beasts
 26975 | Lair:6   | Reached skill level 1 in Unarmed Combat
 27147 | Lair:6   | Reached skill level 12 in Stealth
 28214 | Lair:6   | Found a viscous altar of Jiyva.
 28214 | Lair:6   | Found a staircase to the Slime Pits.
 28653 | Lair:6   | Reached skill level 10 in Spellcasting
 32287 | Lair:6   | Bought the Unrestrained Analects for 616 gold pieces
 32292 | Lair:6   | Learned a level 4 spell: Olgreb's Toxic Radiance
 33100 | D:11     | Reached skill level 10 in Transmutations
 33829 | D:11     | Reached XP level 14. HP: 70/70 MP: 26/29
 33978 | D:11     | Identified the +1 chain mail "Haar" {Dex+5}
 36049 | D:12     | Noticed Urug
 36057 | D:12     | Killed Urug
 36691 | Orc:1    | Entered Level 1 of the Orcish Mines
 36691 | Orc:1    | Noticed Josephine
 36691 | Orc:1    | Noticed Harold
 36691 | Orc:1    | Found Nyoczaseoq's Armour Shoppe.
 36696 | Orc:1    | Killed Josephine
 36697 | Orc:1    | Killed Harold
 37336 | Orc:1    | Bought an iridescent short sword for 256 gold pieces
 37336 | Orc:1    | Identified the +5 short sword "Hiochex" {drain, rN+} (You
                  | bought it in a shop on level 1 of the Orcish Mines)
 37336 | Orc:1    | Bought a glowing quick blade for 576 gold pieces
 37348 | Orc:2    | Entered Level 2 of the Orcish Mines
 39269 | Orc:2    | Noticed Saint Roka
 39432 | Orc:2    | Found Vaurank's Distillery.
 39443 | Orc:2    | Found Ebeashru's Assorted Antiques.
 39463 | Orc:2    | Found Foaff's Assorted Antiques.
 39463 | Orc:2    | Found Colyakun's Antique Weapon Shop.
 39912 | Lair:6   | Bought a book of Vapours for 168 gold pieces
 39915 | Lair:6   | Learned a level 2 spell: Poisonous Vapours
 40446 | Orc:2    | Bought a potion of heal wounds for 65 gold pieces
 40446 | Orc:2    | Bought a potion of heal wounds for 65 gold pieces
 40533 | Orc:2    | Killed Saint Roka
 40787 | Orc:2    | Found a staircase to the Elven Halls.
 41147 | Spider:1 | Entered Level 1 of the Spider Nest
 42300 | Spider:1 | Reached skill level 5 in Unarmed Combat
 44226 | D:14     | Found a gate to the Vaults.
 44233 | D:14     | Reached XP level 15. HP: 45/74 MP: 14/32
 45348 | D:14     | Found Iblav's Assorted Antiques.
 45753 | D:14     | Bought a runed hat for 259 gold pieces
 46336 | D:15     | Entered Level 15 of the Dungeon
 46812 | D:15     | Identified the +7 long sword of Ziav {vorpal, rElec rCorr
                  | MP+9 Int+6}
 46902 | D:15     | Found a staircase to the Depths.
 50744 | Spider:2 | Bought a scroll of fear for 63 gold pieces
 51388 | Spider:2 | Reached XP level 16. HP: 80/80 MP: 34/34
 53068 | Spider:1 | Learned a level 5 spell: Manifold Assault
 53969 | D:3      | Bought the Volume of Floating Conjuration for 418 gold
                  | pieces
 53977 | D:3      | Learned a level 7 spell: Storm Form
 54173 | Swamp:1  | Entered Level 1 of the Swamp
 57241 | Swamp:3  | Reached skill level 15 in Transmutations
 58063 | Swamp:3  | Noticed a thorn hunter
 58087 | Swamp:3  | Killed a thorn hunter
 59857 | Swamp:4  | Entered Level 4 of the Swamp
 59857 | Swamp:4  | Noticed a thorn hunter
 59862 | Swamp:4  | Killed a thorn hunter
 60393 | Swamp:4  | Reached XP level 17. HP: 62/85 MP: 36/36
 61386 | Swamp:4  | Noticed the 27-headed Lernaean hydra
 64762 | Spider:3 | Noticed Arachne
 65127 | Spider:2 | Bought a potion of haste for 160 gold pieces
 65295 | Spider:4 | Entered Level 4 of the Spider Nest
 66433 | Elf:1    | Entered Level 1 of the Elven Halls
 67726 | Elf:1    | Reached skill level 10 in Unarmed Combat
 68490 | Elf:1    | Got Regaif's Almanac of Creative Conjuration
 68987 | Elf:2    | Found Puecki's Book Shoppe.
 68987 | Elf:2    | Found Mocvu's Jewellery Boutique.
 68988 | Elf:2    | Found Hito Roo's Jewellery Boutique.
 69038 | Elf:2    | Bought the ring "Qineanta" {+Blink rElec rF++ rC+ SInv} for
                  | 1150 gold pieces
 69038 | Elf:2    | Bought the ring of Viczatil {rF- rN++ Str+3 Int+6 Stlth+}
                  | for 1327 gold pieces
 69334 | Elf:2    | Found a runed translucent gate.
 69334 | Elf:2    | Found a runed translucent gate.
 69334 | Elf:2    | Found a runed translucent gate.
 69404 | Elf:2    | Reached XP level 18. HP: 32/92 MP: 21/37
 69781 | Elf:3    | Entered Level 3 of the Elven Halls
 69945 | Elf:3    | Reached skill level 10 in Translocations
 70592 | Elf:3    | Reached skill level 15 in Air Magic
 70595 | Elf:3    | Reached skill level 15 in Spellcasting
 71924 | Elf:3    | Found a shimmering blue altar of Sif Muna.
 73468 | Elf:3    | Identified the ring "Bigh" {*Slow Fly rElec Int+6}
 74111 | Elf:3    | Got the Disquisition on Destructive Hexes
 74125 | Elf:3    | Found the +2 hood of the Assassin {Detection Stab+ Stlth++}
 74627 | Spider:3 | Killed Arachne
 76245 | Spider:4 | Reached skill level 10 in Fighting
 76741 | Spider:4 | Got a gossamer rune of Zot
 77761 | Swamp:4  | Reached skill level 13 in Stealth
 77983 | Swamp:4  | Reached XP level 19. HP: 98/98 MP: 39/39
 78014 | Swamp:4  | Noticed Nikola
 78555 | Swamp:4  | Killed Nikola
 79510 | Swamp:4  | Got a decaying rune of Zot
 79734 | Vaults:1 | Entered Level 1 of the Vaults
 79742 | Vaults:1 | Reached skill level 15 in Dodging
 80548 | Vaults:1 | Acquired 909 gold pieces
 80864 | Vaults:1 | Reached skill level 14 in Stealth
 81265 | Lair:6   | Bought the Almanac of Ointment for 336 gold pieces
 81268 | Lair:6   | Learned a level 2 spell: Passwall
 81521 | D:3      | Bought a book of the Moon for 440 gold pieces
 81527 | D:3      | Learned a level 4 spell: Passage of Golubria
 83442 | Vaults:1 | Reached skill level 15 in Stealth
 84944 | Vaults:2 | Reached skill level 1 in Short Blades
 85912 | Vaults:2 | Reached XP level 20. HP: 105/105 MP: 8/40
 86917 | Vaults:2 | Noticed Aizul
 86927 | Vaults:2 | Killed Aizul
 87184 | Vaults:2 | Reached skill level 16 in Stealth
 88533 | Vaults:3 | Reached skill level 5 in Short Blades
 88646 | Vaults:3 | Found a staircase to the Crypt.
 88752 | Vaults:3 | Found a runed translucent gate.
 88752 | Vaults:3 | Found a runed translucent gate.
 88752 | Vaults:3 | Found an ancient bone altar of Kikubaaqudgha.
 88752 | Vaults:3 | Noticed Marixus's ghost (adept HOFi)
 88752 | Vaults:3 | Noticed SlowGraham's ghost (legendary KoMo)
 88753 | Vaults:3 | Found a runed translucent gate.
 88753 | Vaults:3 | Noticed a dread lich
 88753 | Vaults:3 | Noticed abarbat's ghost (adept MiBe)
 89530 | Vaults:3 | Noticed Asterion
 89553 | Vaults:3 | Killed Asterion
 89706 | Vaults:3 | Paralysed by a sphinx for 2 turns
 89724 | Vaults:3 | Reached skill level 15 in Unarmed Combat
 90294 | Vaults:3 | Reached skill level 17 in Stealth
 92331 | Vaults:4 | Reached XP level 21. HP: 112/112 MP: 41/41
 92664 | Vaults:4 | Bought a potion of haste for 230 gold pieces
 93074 | Vaults:4 | Identified the +8 battleaxe "Demonslayer" {flame, rC+ SInv}
 94016 | Vaults:4 | Reached skill level 18 in Stealth
 94680 | Depths:1 | Entered Level 1 of the Depths
 94798 | Depths:1 | Found Keiph's Assorted Antiques.
 94847 | Depths:1 | Found a gateway to Hell.
 95069 | Depths:1 | Found a one-way gate leading to the halls of Pandemonium.
 95919 | Depths:1 | You fall into a shaft and drop 1 floor!
 95935 | Depths:2 | Paralysed by an air elemental for 1 turns
 96008 | Depths:2 | Slain by a fire giant

Illustrated notes

Levels and vault maps discovered:
D:1:      dpeg_arrival_signposts, layout_loops_ring
D:2:      kennysheep_six_static_rooms, layout_loops_ring,
          ebering_ecumenical_altar_abandoned, serial_shops, shop, uniq_robin
D:3:      layout_basic, gup_sewer_entry_glass, serial_shops, shop
D:4:      layout_basic, minmay_temple_entry_junction
D:5:      layout_loops_corners, mainiacjoe_overflow_six_doors_small,
          solitary_fountain, uniq_sigmund
D:6:      layout_cave_pools, mainiacjoe_overflow_brackets,
          mainiacjoe_overflow_boulevard, minmay_crystal_water
D:7:      layout_loops_ring, serial_shops, nicolae_shop_advertising_works
          [nicolae_subvault_shop_adworks], nzn_random_ring, uniq_joseph
D:8:      layout_loops_cross
D:9:      layout_rooms, mainiacjoe_overflow_large_starburst,
          minmay_orc_entry_guard_dogs, serial_shops,
          nicolae_inconvenience_store, minmay_misc_feat_roman, st_stairs_5,
          uniq_maggie
D:10:     layout_loops_ring, kiku_gazebo_garden_becter, david_lair_shrubbed,
          nicolae_trove_entry_path_of_doom, chequers_serial_rivers_small_3
D:11:     layout_basic, nooodl_orcs_dogs
D:12:     layout_cave_pools, uniq_urug
D:13:     minmay_isolated_rectangles_in_corner, layout_small_grid
D:14:     layout_basic, lightli_vaults_fourway_checkpoint, wad_floor_pattern_1,
          serial_shops, shop
D:15:     grunt_enter_depths_giant_problem, layout_basic,
          minmay_misc_feat_rugged, minmay_parallelograms,
          chequers_serial_rivers_marsh
Temple:   lightli_temple_of_artemis
Lair:1:   layout_gridlike, enter_volcano_3, serial_bayou_pond_c,
          mumra_transporter_accident, beast_lair_carwin_8, uniq_nergalle
Lair:2:   gammafunk_worm_tunnel, layout_chaotic_city, swamp_mist,
          guppyfry_lair_drakes
Lair:3:   layout_cave_pods, spider_nest_entry_web_field, lemuel_fruit_fields
Lair:4:   layout_big_grid, uniq_nessos
Lair:5:   layout_cave_pods
Lair:6:   grunt_lair_end_beastmaster, layout_misc_corridors, slime_altar_1
Swamp:1:  layout_basic_swamp, evilmike_swamp_ruin_house_1
Swamp:2:  layout_basic_swamp, hangedman_swamp_ruin_wall, swamp_pool5
Swamp:3:  layout_basic_swamp, nicolae_swamp_very_dense_foliage, swamp_pool4,
          nicolae_swamp_snake_nest
Swamp:4:  grunt_swamp_rune_castle, layout_basic_swamp, uniq_nikola
Spider:1: layout_chambers, nicolae_spider_twisty_arc_passages
Spider:2: nicolae_spider_corner
Spider:3: layout_chambers, uniq_arachne
Spider:4: hellmonk_spider_rune_bug_friends, nicolae_spider_bug_shape
Orc:1:    layout_caves, serial_shops, shop, uniq_josephine, uniq_harold
Orc:2:    st_orc_mages, layout_caves, library_closet, nicolae_orc_lava_room,
          uniq_saint_roka
Elf:1:    eino_elf_arrival_sip, layout_geoelf_octagon, minmay_elf_sorcery,
          minivault_23, amcnicky_mini_rare_corridor_liquid
Elf:2:    elven_hall_of_blades_hangedman_original
          [nicolae_blade_entry_hurt_lockers], layout_gridlike, moated_statue,
          minmay_shop_grove
Elf:3:    minmay_elf_hall_quartered_circle, layout_onion_city, basic_altar,
          grunt_ministairs_14
Vaults:1: nicolae_vaults_mini_display_case, hangedman_vaults_corner, v_misc_22,
          ontoclasm_vaults_misaligned, vaults_room_corners, v_misc_30,
          vaults_room_door_ring, vaults_room_grunt_arrival_checkpoint,
          v_misc_11, vaults_room_stairs_pillars, layout_vaults_quadrants
Vaults:2: hangedman_vaults_stagger, hangedman_vaults_stream,
          nicolae_vaults_specimen_jars, v_misc_12,
          nicolae_vaults_good_morning_starshine, nicolae_vaults_three_branches,
          hangedman_vaults_stitches, nicolae_vaults_circle_grid_a,
          hangedman_vaults_capsules, nicolae_vaults_little_squares_3,
          nicolae_vaults_little_squares_3, ontoclasm_vaults_loading_screen,
          v_misc_24, layout_vaults_maze, uniq_aizul
Vaults:3: gammafunk_ghost_crypt, vaults_dpeg_cross, v_misc_2,
          hangedman_vaults_cutoff, v_rooms_5, v_pattern_2,
          ontoclasm_vaults_fault, v_misc_18, v_misc_31, layout_vaults_ring,
          minmay_crypt_entry_nasty_monster, uniq_asterion
Vaults:4: v_rooms_6, nicolae_vaults_little_squares_6, vaults_room_octagon,
          hangedman_vaults_maws, vaults_mumra_minichess, vaults_room_corners,
          v_misc_24, v_misc_29, layout_vaults_chaotic_city
Depths:1: layout_cave_pools, special_room [special_room_magic_class],
          hell_entry, rand_demon_pan_entry_7, serial_shops,
          nicolae_shop_hallway_stairs, nicolae_shop_overgrown_old_shop,
          nicolae_shop_waterfront, nicolae_shop_hallway_stairs,
          nicolae_shop_trees, serial_glass, glass_columns_c, glass_columns_b,
          glass_columns_c, glass_columns_b, glass_columns_c, glass_columns_c,
          hangedman_abyss_or_decor_stabs, grunt_decor_one_mirror,
          nicolae_ru_path_of_blood
Depths:2: radiant_caverns_b_rkd, pan_entry, hell_entry, uniq_bai_suzhen

Skill      XL: |  1  2  3  4  5  6  7  8  9 10 11 12 13 14 15 16 17 18 19 20 21 |
---------------+----------------------------------------------------------------+-----
Air Magic      | 3 4 5 9 10 11 12 13 14 15 | 15.2
Dodging        | 3 4 6 7 8 10 11 13 14 15 | 15.9
Spellcasting   | 3 4 5 6 8 9 10 12 13 14 15 | 15.3
Conjurations   | 1 2 3 |  3.0
Fighting       | 1 2 3 4 5 6 7 8 9 10 11 12 | 12.9
Stealth        | 4 5 6 7 8 10 11 12 13 15 17 18 | 18.0
Transmutations | 1 3 5 6 8 10 11 13 15 16 17 | 17.1
Fire Magic     | 1 2 3 4 5 6 |  6.0
Poison Magic   | 1 2 3 5 6 7 |  7.4
Translocations | 3 5 6 8 9 10 | 10.1
Unarmed Combat | 3 5 7 8 10 12 14 15 16 | 16.4
Short Blades   | 2 6 8 |  8.0

Action                   |  1- 3 |  4- 6 |  7- 9 | 10-12 | 13-15 | 16-18 | 19-21 || total
-------------------------+-------+-------+-------+-------+-------+-------+-------++-------
Melee: Dagger            |     8 |    16 |    15 |    87 |    91 |     1 |       ||   218
       Punch             |       |     2 |     2 |     3 |     7 |     9 |    39 ||    62
       Unarmed           |       |       |       |       |       |   233 |   388 ||   621
       Long sword        |       |       |       |       |       |     7 |     1 ||     8
       Quick blade       |       |       |       |       |       |       |    15 ||    15
 Cast: Shock             |   113 |   215 |   150 |       |       |     1 |       ||   479
       Airstrike         |       |       |    47 |   420 |   474 |   355 |   118 ||  1414
       Ignite Poison     |       |       |       |    18 |   152 |   204 |   183 ||   557
       Olgreb's Toxic Ra |       |       |       |       |    66 |    43 |    78 ||   187
       Poisonous Vapours |       |       |       |       |   108 |   232 |   179 ||   519
       Manifold Assault  |       |       |       |       |       |    80 |    97 ||   177
       Storm Form        |       |       |       |       |       |    30 |    31 ||    61
       Blink             |       |       |       |       |       |     2 |       ||     2
       Apportation       |       |       |       |       |       |       |     1 ||     1
Invok: Call Merchant     |       |       |       |       |     3 |     1 |     1 ||     5
  Use: Scroll            |     3 |     8 |     7 |     8 |     1 |     2 |     6 ||    35
       Potion            |       |       |       |       |       |       |     2 ||     2
 Stab: Sleeping          |       |       |     1 |       |     8 |     1 |    14 ||    24
       Distracted        |       |       |       |     1 |     1 |       |     5 ||     7
Armor: Robe              |       |     2 |    12 |    10 |    10 |     9 |    10 ||    53
       Skin              |       |       |       |       |       |    37 |    22 ||    59
Dodge: Dodged            |    15 |    26 |    35 |   130 |   143 |   310 |   287 ||   946
Block: Other             |       |     8 |    13 |    36 |    31 |    71 |    52 ||   211
       Reflection        |       |     1 |     6 |     2 |     1 |     4 |    14 ||    28
